Map: Prion Terraces

Players

DARKING

  • Race: Terran Terran
  • League: Platinum

kel - Winner!

  • Race: Zerg Zerg

Event: Gauntlet LotV Series 1 Qualifier 1

VOD

Have the link to the VOD?

Description

Time

  • Played on: Nov. 22, 2015, 4:07 p.m.
  • Length: 4:10

All games in this series

Show
View Real Time Build Order
Export as new Build Order

DARKING Terran 

Build Orders: Reaper Expand 

Get SALT Encoding   

  12  0:01  SCV  
  13  0:13  SCV  
  14  0:18  Supply Depot  
  14  0:25  SCV  
  15  0:39  SCV  
  15  0:41  Barracks  
  16  0:47  Refinery  
  16  0:51  SCV  
  17  1:03  SCV  
  18  1:15  SCV  
  19  1:28  Orbital Command  
  19  1:32  Reaper  
  20  1:51  Supply Depot  
  20  1:54  Command Center  
  20  2:05  Reaper  
  21  2:08  SCV  
  22  2:20  SCV  
  23  2:28  Factory  
  23  2:32  SCV  
  24  2:46  SCV  
  24  2:48  Barracks Reactor  
  26  2:58  SCV  
  26  3:09  Orbital Command  
  26  3:14  SCV  
  26  3:15  Refinery  
  27  3:26  SCV  
  28  3:31  Hellion x2, Starport  
  32  3:38  SCV  
  34  3:43  Orbital Command  
Show
View Real Time Build Order
Export as new Build Order

kel Zerg - Winner!

Build Orders: Hatch First 

Get SALT Encoding   

  12  0:01  Drone  
  13  0:13  Overlord  
  13  0:18  Drone  
  14  0:24  Drone, Extractor  
  16  0:35  Drone  
  16  0:42  Drone  
  17  0:54  Hatchery  
  17  0:57  Drone  
  17  1:00  Extractor  
  16  1:09  Drone  
  17  1:18  Spawning Pool  
  16  1:26  Drone x2  
  16  1:31  Drone  
  19  1:40  Overlord  
  19  1:51  Drone  
  20  2:03  Drone  
  20  2:08  Queen  
  20  2:09  Queen  
  20  2:14  Metabolic Boost  
  24  2:18  Zergling x2  
  24  2:21  Zergling x2  
  26  2:24  Drone  
  27  2:31  Drone  
  27  2:32  Drone  
  29  2:40  Extractor  
  28  2:44  Drone x3  
  32  2:56  Overlord x2  
  32  3:13  Zergling x4  
  32  3:14  Zergling x2  
  35  3:20  Evolution Chamber  
  35  3:21  Zergling x12  
  35  3:22  Zergling x2  
  41  3:31  Zergling x2  
  42  3:40  Zergling x4  
  44  3:48  Drone x2  
  44  3:49  Drone  
  44  3:50  Drone  
Tags
 
Add a new tag
Caveats
  • Supply blocks, unpowered buildings, or Contaminate may cause inaccurate times.
  • Supply counts are checked every 10 seconds.